 Dungeon Crawl Stone Soup version 0.29-a0-529-gfa20dd96a1 (webtiles) character file.

Game seed: 277844166540580185

60 ders the Magician (level 4, -4/31 HPs)
             Began as a Djinni Conjurer on June 1, 2022.
             Killed by nerve-wracking pain
             ... invoked by Grinder
              (5 damage)
             ... on level 3 of the Dungeon.
             The game lasted 00:01:26 (2292 turns).

ders the Magician (Djinni Conjurer)                 Turns: 2292, Time: 00:01:26

Health: -4/31      AC:  3    Str:  6    XL:     4   Next: 24%
Gold:   119        EV: 12    Int: 22    God:
                   SH:  0    Dex: 11

rFire   + + .      SeeInvis .   (no weapon)
rCold   x . .      Faith    .   (no shield)
rNeg    . . .      Spirit   .   a - +0 robe
rPois   ∞          Reflect  .   (no helmet)
rElec   .          Harm     .   (no cloak)
rCorr   .          Rampage  .   i - +0 pair of gloves
Will    .....                   (boots unavailable)
Stlth   ++........              (no amulet)
HPRegen 0.10/turn               (no ring)
MPRegen 0.00/turn               (no ring)

@: flying
A: sickness immunity, fire resistance 2, cold vulnerability 1, float, innate
caster, HP casting, extra vitality 1
a: no special abilities


You were on level 3 of the Dungeon.
You visited 1 branch of the dungeon, and saw 3 of its levels.

You collected 119 gold pieces.

Inventory:

Armour
 a - a +0 robe (worn)
 i - a +0 pair of gloves (worn)
Scrolls
 b - 2 scrolls of teleportation {unknown}
 c - a scroll of poison {unknown}
 d - 2 scrolls of amnesia {unknown}
 g - 2 scrolls of magic mapping {unknown}
 l - a scroll of enchant weapon {unknown}
Potions
 e - a potion of lignification {unknown}
 f - a potion of mutation {unknown}
 h - 2 potions of flight {unknown}
 j - a potion of degeneration {unknown}
 k - a potion of curing {unknown}
 m - a potion of cancellation {unknown}


   Skills:
 - Level 2.1 Dodging
 - Level 1.5 Stealth
 + Level 4.3 Spellcasting


You couldn't memorise any spells.
You knew the following spells:

 Your Spells              Type           Power      Damage    Failure   Level
a - Magic Dart            Conj           96%        1d7       1%          1
b - Searing Ray           Conj           48%        2d6       2%          2
c - Dazzling Flash        Conj/Hex       48%        N/A       5%          3
d - Fulminant Prism       Conj/Hex       12%        3d9       19%         4
e - Iskenderun's Mystic   Conj/Tloc      24%        2d7       19%         4
f - Apportation           Tloc           48%        N/A       1%          1
Your spell library was empty.

Dungeon Overview and Level Annotations

Branches:
Dungeon (3/15)

Altars:

Annotations:
D:3 1 runed translucent door, Grinder


Innate Abilities, Weirdness & Mutations

You are immune to sickness and miasma.
You are immune to poison.
Your flesh is very heat resistant. (rF++)
You are vulnerable to cold. (rC-)
You float through the air rather than walking.
You learn spells naturally, not from books.
Your magical power is your life essence.
You have superior vitality. (+4 MHP)


Message History

Casting: Searing Ray (safe; 2% risk of failure)
Confirm with . or Enter, or press ? or * to list all spells.
Aiming: Magic Dart (safe; 1% risk of failure)
Press: ? - help, Shift-Dir - straight line, f - Grinder
Aim: Grinder (100% to hit)
The magic dart hits Grinder.
Grinder is lightly wounded.
Unknown command.
Casting: Magic Dart (safe; 1% risk of failure)
Confirm with . or Enter, or press ? or * to list all spells.
Aiming: Magic Dart (safe; 1% risk of failure)
Press: ? - help, Shift-Dir - straight line, f/p - Grinder
Aim: Grinder (lightly wounded, 100% to hit)
The magic dart hits Grinder.
Grinder is lightly wounded.
Unknown command.
Casting: Magic Dart (safe; 1% risk of failure)
Confirm with . or Enter, or press ? or * to list all spells.
Aiming: Searing Ray (safe; 2% risk of failure)
Press: ? - help, Shift-Dir - straight line, f/p - Grinder
Aim: Grinder (lightly wounded, 77% to hit)
The searing ray hits Grinder!
Grinder is heavily wounded. (Press . to maintain the ray.) Grinder gestures at you.
Pain shoots through your body!
* * * LOW HITPOINT WARNING * * *
Unknown command.
Casting: Searing Ray (safe; 2% risk of failure)
Confirm with . or Enter, or press ? or * to list all spells.
Restarting spell: Searing Ray (safe; 2% risk of failure)
Press: ? - help, Shift-Dir - straight line, f/p - Grinder
Aim: Grinder (heavily wounded, 77% to hit)
The searing ray hits Grinder.
Grinder is severely wounded. (Press . to maintain the ray.)
* * * LOW HITPOINT WARNING * * *
Grinder gestures at you. Pain shoots through your body!
You die...

#..##.## #.
#......###########.
##.##..............
#.###.##########>.
#.# ### ##. #.# #.
#.# #. #.# #. #@#
#. #.........8.# #.
#.##.#.##..Z... #.
.. .# 5...#+ #. #.#
.. ...#p # ##.
...## # .... ....


You could see Grinder, a kobold zombie and a neutral human (wandering).

Vanquished Creatures
  An adder (D:2)
  2 worms
  3 dart slugs
  A bat (D:2)
  4 endoplasms
  5 giant cockroaches
  A goblin (D:2)
  A hobgoblin (D:3)
  4 jackals (D:2)
  4 kobolds
  2 quokkas (D:1)
  2 ball pythons
  2 frilled lizards
  A goblin skeleton (D:3)
  2 rats (D:2)
35 creatures vanquished.

Notes
Turn   | Place    | Note
-------+----------+-------------------------------------------
     0 | D:1      | ders the Djinni Conjurer began the quest for the Orb.
     0 | D:1      | Reached XP level 1. HP: 15/15 MP: 0/0
   252 | D:1      | Reached XP level 2. HP: 14/21 MP: 0/0
   772 | D:2      | Reached XP level 3. HP: 18/25 MP: 0/0
   772 | D:2      | Learned a level 1 spell: Apportation
  1092 | D:2      | Reached skill level 4 in Spellcasting
  1489 | D:2      | Found a faded altar of an unknown god.
  1639 | D:2      | Reached XP level 4. HP: 24/31 MP: 0/0
  2286 | D:3      | Found a runed translucent door.
  2286 | D:3      | Noticed a human
  2286 | D:3      | Noticed Grinder
  2292 | D:3      | Killed from afar by Grinder

Illustrated notes

Levels and vault maps discovered:
D:1:      onia_arrival_pyramid, layout_rooms
D:2:      layout_basic, shapermc_ecumenical_altar_starsandcircs,
          columned_hall_lemuel
D:3:      layout_loops_ring, grunt_temple_overflow_gold_and_silver,
          marbit_many_paths, dk_yredelemnul_ordeal, minmay_joined_circles,
          uniq_grinder

Skill      XL: |  1  2  3 |
---------------+----------+-----
Spellcasting   | 4 |  4.3
Dodging        | |  2.1
Stealth        | |  1.5

Action                   |  1- 3 |  4- 6 || total
-------------------------+-------+-------++-------
 Cast: Magic Dart        |    53 |    18 ||    71
       Searing Ray       |     7 |     4 ||    11
Armor: Robe              |     1 |       ||     1
Dodge: Dodged            |     2 |       ||     2

Table legend: (Time is in decaauts)
 A = Elapsed time spent in this place.
 B = Non-inter-level travel time spent in this place.
 C = Inter-level travel time spent in this place.
 D = Time resting spent in this place.
 E = Time spent auto-exploring this place.
 F = Levels seen in this place.
 G = Mean time per level.
                   A        B        C        D        E       F      G
               +--------+--------+--------+--------+--------+-----+--------+
         Total |   2291 |   2206 |     85 |      0 |   2042 |   3 |  763.7 |
       Dungeon |   2291 |   2206 |     85 |      0 |   2042 |   3 |  763.7 |
               +--------+--------+--------+--------+--------+-----+--------+

Top non-repeatable levels by time:
     D:2: 1343 daAuts
     D:1: 685 daAuts
     D:3: 262 daAuts
